 Dungeon Crawl Stone Soup version 0.32-a0-35-gd9ff480968 (webtiles) character file.

Game seed: 9862725181000059087

4 cforsyth the Magician (level 1, 0/16 HPs)
             Began as a Djinni Enchanter on Jan 22, 2024.
             Slain by a kobold
             ... wielding a +0 short sword
              (3 damage)
             ... on level 2 of the Dungeon.
             The game lasted 00:00:26 (145 turns).

cforsyth the Magician (Djinni Enchanter)             Turns: 145, Time: 00:00:27

Health: 0/16       AC:  2    Str:  7    XL:     1   Next: 77%
Gold:   16         EV: 12    Int: 16    God:
                   SH:  0    Dex: 13

rFire   + + .        a - +1 dagger
rCold   x . .        (no shield)
rNeg    . . .        b - +0 robe
rPois   ∞            (no helmet)
rElec   .            (no cloak)
rCorr   .            (no gloves)
SInv    .            (boots unavailable)
Will    .....        (no amulet)
Stlth   ++           (no ring)
HPRegen 0.22/turn    (no ring)
MPRegen 0.00/turn

%: infuse magic (-1 HP)
@: flying
A: sickness immunity, fire resistance 2, cold vulnerability 1, float, innate
caster, HP casting, extra vitality 1
a: no special abilities


You were on level 2 of the Dungeon.
You visited 1 branch of the dungeon, and saw 2 of its levels.

You collected 16 gold pieces.

Inventory:

Hand Weapons
 a - a +1 dagger (weapon)
Armour
 b - a +0 robe (worn)
Scrolls
 d - a scroll of poison {unknown}
 e - a scroll of enchant armour {unknown}
Potions
 c - 2 potions of invisibility
 f - a potion of magic {unknown}


   Skills:
 + Level 0.7 Fighting
 - Level 0.8 Short Blades
 - Level 2.1 Dodging
 - Level 2.4 Stealth
 + Level 3.0 Spellcasting
 + Level 3.0 Conjurations
 + Level 3.0 Hexes
 + Level 3.0 Summonings
 + Level 3.0 Necromancy
 + Level 3.0 Translocations
 + Level 3.0 Fire Magic
 + Level 3.0 Ice Magic
 + Level 3.0 Air Magic
 + Level 3.0 Earth Magic
 + Level 3.0 Alchemy


You knew the following spells:

 Your Spells              Type           Power      Damage    Failure   Level
a - Ensorcelled Hibernat  Hex/Ice        24%        N/A       9%          2
b - Confusing Touch       Hex            12%        N/A       16%         3
c - Tukima's Dance        Hex            12%        N/A       16%         3
d - Dazzling Flash        Conj/Hex       24%        N/A       16%         3
Your spell library was empty.

Dungeon Overview and Level Annotations

Branches:
Dungeon (2/15)

Altars:


Innate Abilities, Weirdness & Mutations

You are immune to sickness and miasma.
You are immune to poison.
Your flesh is very heat resistant. (rF++)
You are vulnerable to cold. (rC-)
You float through the air rather than walking.
You learn spells naturally, not from books.
Your magical power is your life essence.
You have superior vitality. (+4 MHP)


Message History

You are too injured to fight recklessly!
You are too injured to fight recklessly!
You are too injured to fight recklessly!
You are too injured to fight recklessly!
You are too injured to fight recklessly!
You escape the ball python's grasp.
The endoplasm quivers.
The kobold attacks as it pursues you!
The kobold hits you with a +0 short sword.
The kobold attacks as it pursues you!
The kobold hits you with a +0 short sword.
The ball python barely misses you. The ball python grabs you.
The ball python constricts you.
You escape the ball python's grasp.
The kobold attacks as it pursues you! The kobold closely misses you.
You see here a white potion.
A frilled lizard comes into view.
The kobold attacks as it pursues you!
The kobold hits you with a +0 short sword.
There is a stone staircase leading down here.
The kobold misses you. The ball python barely misses you.
The ball python misses you.
You fly downwards.
Found a scale mail.
There is a stone staircase leading up here.
Cast which spell? (? or * to list)
You aren't experienced enough to cast this spell.
Unknown command.
Cast which spell? (? or * to list)
You aren't experienced enough to cast this spell.
You miss the kobold.
The kobold hits you with a +0 short sword.
* * * LOW HITPOINT WARNING * * *
You closely miss the kobold.
The ball python hisses angrily.
The kobold hits you but does no damage.
You hit the kobold.
The kobold is moderately wounded.
The kobold hits you with a +0 short sword.
You die...

##.# ..###...#
.... .........
..... .S......#
#....##.......#
#[.#..........#
..............#
..............#
.......@K......
##.#.##.##....#
#.# ... #.# #
#.# #.# #.# ...


You could see a ball python and a kobold.

Vanquished Creatures
  A ball python (D:1)
  A goblin (D:1)
  2 bats (D:1)
4 creatures vanquished.

Notes
Turn   | Place    | Note
-------+----------+-------------------------------------------
     0 | D:1      | cforsyth the Djinni Enchanter began the quest for the Orb.
     0 | D:1      | cforsyth set off with the following spells memorised:
                  | Ensorcelled Hibernation, Confusing Touch, Tukima's Dance,
                  | Dazzling Flash.
     0 | D:1      | Reached XP level 1. HP: 15/15 MP: 0/0
   145 | D:2      | Slain by a kobold

Illustrated notes

Levels and vault maps discovered:
D:1:      pf_arrival_petrified_forest, layout_basic, minmay_split_cup_small
D:2:      layout_basic, uniq_jessica

Skill      XL: |  1 |
---------------+----+-----
Spellcasting   | 3 |  3.0
Conjurations   | 3 |  3.0
Hexes          | 3 |  3.0
Summonings     | 3 |  3.0
Necromancy     | 3 |  3.0
Translocations | 3 |  3.0
Fire Magic     | 3 |  3.0
Ice Magic      | 3 |  3.0
Air Magic      | 3 |  3.0
Earth Magic    | 3 |  3.0
Alchemy        | 3 |  3.0
Fighting       | |  0.7
Short Blades   | |  0.8
Dodging        | |  2.1
Stealth        | |  2.4

Action                     || total
---------------------------++-------
  Melee: Dagger            ||    17
 Armour: Robe              ||    15
  Dodge: Dodged            ||    15

Table legend: (Time is in decaauts)
 A = Elapsed time spent in this place.
 B = Non-inter-level travel time spent in this place.
 C = Inter-level travel time spent in this place.
 D = Time resting spent in this place.
 E = Time spent auto-exploring this place.
 F = Levels seen in this place.
 G = Mean time per level.
                   A        B        C        D        E       F      G
               +--------+--------+--------+--------+--------+-----+--------+
         Total |    144 |    144 |      0 |      0 |     97 |   2 |   72.0 |
       Dungeon |    144 |    144 |      0 |      0 |     97 |   2 |   72.0 |
               +--------+--------+--------+--------+--------+-----+--------+

Top non-repeatable levels by time:
     D:1: 141 daAuts
     D:2: 2 daAuts
